 Seeded DCSS version 0.29.1-1-gd02db6906a (webtiles) character file.

Game seed: 12185579228676262209 (custom seed)

128 mathmaestro the Grave Robber (level 4, -4/33 HPs)
             Began as a Demonspawn Necromancer on Sept 19, 2022.
             Shot with a bolt by an orc warrior (15 damage)
             ... on level 3 of the Dungeon.
             The game lasted 00:05:43 (2388 turns).

mathmaestro the Grave Robber (DsNe)                 Turns: 2388, Time: 00:05:43

Health: -4/33      AC:  4    Str:  8    XL:     4   Next: 86%
Magic:  4/8        EV: 11    Int: 19    God:
Gold:   188        SH:  0    Dex: 13    Spells: 0/8 levels left

rFire   . . .      SeeInvis .   d - +0 dagger
rCold   . . .      Faith    .   (no shield)
rNeg    . . .      Spirit   .   n - +1 leather armour {rPois}
rPois   +          Reflect  .   (no helmet)
rElec   .          Harm     .   (no cloak)
rCorr   .          Rampage  .   (no gloves)
Will    .....                   (no boots)
Stlth   ++........              k - amulet of magic regeneration
HPRegen 0.11/turn               (no ring)
MPRegen 0.62/turn               (no ring)

@: no status effects
A: hooves 2, magic regeneration
a: no special abilities


You were on level 3 of the Dungeon.
You visited 1 branch of the dungeon, and saw 3 of its levels.

You collected 188 gold pieces.

Inventory:

Hand Weapons
 d - a +0 dagger (weapon)
Missiles
 i - 4 boomerangs
Armour
 j - a +0 leather armour
 n - a +1 leather armour of poison resistance (worn)
Jewellery
 k - an amulet of magic regeneration (around neck)
Wands
 m - a wand of light (8)
Scrolls
 a - 2 scrolls of enchant armour {unknown}
 f - 3 scrolls of identify {unknown}
 g - a scroll of enchant weapon {unknown}
Potions
 b - a potion of magic
 c - 2 potions of attraction {unknown}
 e - 2 potions of degeneration {unknown}
 h - a potion of invisibility {unknown}
 l - a potion of heal wounds {unknown}


   Skills:
 + Level 2.0 Fighting
 + Level 1.4 Armour
 - Level 2.0 Dodging
 - Level 2.0 Stealth
 + Level 2.9 Spellcasting
 + Level 5.1 Necromancy
 + Level 0.1 Evocations


You couldn't memorise any spells.
You knew the following spells:

 Your Spells              Type           Power      Damage    Failure   Level
a - Necrotise             Necr           88%        1d8       2%          1
b - Vampiric Draining     Necr           22%        2d7       8%          3
c - Animate Dead          Necr           22%        N/A       26%         4

Your spell library contained the following spells:

 Spells                   Type           Power      Damage    Failure   Level
 Agony                    Necr           22%        N/A       58%         5


Dungeon Overview and Level Annotations

Branches:
Dungeon (3/15)

Altars:
Vehumet


Innate Abilities, Weirdness & Mutations

You have hoof-like feet.
You regenerate magic rapidly.


Message History

Your jackal skeleton crumbles into dust!
Your jackal skeleton crumbles into dust!
HP restored.
Your hobgoblin skeleton crumbles into dust!
Found a stone staircase leading up.
The orc shouts!
Casting: Necrotise (safe; 2% risk of failure)
Confirm with . or Enter, or press ? or * to list all spells.
Aiming: Necrotise (safe; 2% risk of failure)
Press: ? - help, Shift-Dir - straight line, f - orc
Aim: an orc, wielding a +0 club (chance to affect: 91%)
The orc writhes in agony.
Casting: Necrotise (safe; 2% risk of failure)
Confirm with . or Enter, or press ? or * to list all spells.
Aiming: Necrotise (safe; 2% risk of failure)
Press: ? - help, Shift-Dir - straight line, f/p - orc
Aim: an orc, wielding a +0 club (moderately wounded, chance to affect: 91%)
The orc writhes in agony.
The orc closely misses you.
An endoplasm comes into view.
Casting: Necrotise (safe; 2% risk of failure)
Confirm with . or Enter, or press ? or * to list all spells.
Aiming: Necrotise (safe; 2% risk of failure)
Press: ? - help, Shift-Dir - straight line, f/p - orc
Aim: an orc, wielding a +0 club (almost dead, chance to affect: 91%)
The orc barely resists.
The endoplasm quivers.
The orc wizard shouts!
The orc warrior shoots a bolt.
The bolt hits you!!
Ouch! That really hurt!
You hear a shout!
Casting: Necrotise (safe; 2% risk of failure)
Confirm with . or Enter, or press ? or * to list all spells.
The spell is quite dangerous to miscast (8% risk of failure)!
Continue anyway?
Aiming: Vampiric Draining (quite dangerous; 8% risk of failure)
Press: ? - help, Shift-Dir - straight line, f/p - orc
Aim: an orc, wielding a +0 club (almost dead)
You draw life force from the orc!
You kill the orc!
The orc warrior shoots a bolt.
The bolt hits you!
You die...

#..........#
#..........#
#....####### #.##.....#
#########.#......#
#.....#.. ##.....####
#.....#.# #.#.###...
#.....#.# #...###.##
#<..@...####.###.....
#...).##.....# #.....
#.....##.##### #.....
#.......##.# #.....
#.......##.# #.....
#J......##.# #.....
.o.....#....#######.....
oo##...............).)..
................


You could see an orc warrior, 2 orc wizards and an endoplasm.

Vanquished Creatures
  Jessica (D:2)
  Ijyb (D:3)
  An adder (D:2)
  A worm (D:2)
  A dart slug (D:1)
  An orc (D:3)
  A bat (D:3)
  5 endoplasms
  4 giant cockroaches
  11 goblins
  7 hobgoblins
  3 jackals (D:3)
  5 kobolds (D:2)
  3 quokkas
  3 ball pythons
  A frilled lizard (D:2)
  5 rats (D:1)
  A spectral goblin (D:2)
55 creatures vanquished.

Vanquished Creatures (collateral kills)
  An endoplasm (D:1)
  A goblin (D:1)
2 creatures vanquished.

Grand Total: 57 creatures vanquished

Notes
Turn   | Place    | Note
-------+----------+-------------------------------------------
     0 | D:1      | mathmaestro the Demonspawn Necromancer began the quest for
                  | the Orb.
     0 | D:1      | Reached XP level 1. HP: 13/13 MP: 3/3
   327 | D:1      | Gained mutation: You have large cloven feet. [demonic
                  | ancestry]
   327 | D:1      | Reached XP level 2. HP: 17/20 MP: 0/5
   731 | D:1      | Reached skill level 1 in Fighting
   892 | D:1      | Gained mutation: You regenerate magic rapidly. [demonic
                  | ancestry]
   892 | D:1      | Reached XP level 3. HP: 24/26 MP: 1/6
   896 | D:1      | Learned a level 3 spell: Vampiric Draining
  1558 | D:2      | Noticed Jessica
  1562 | D:2      | Killed Jessica
  1563 | D:2      | Reached skill level 1 in Armour
  1563 | D:2      | Gained mutation: You have hoof-like feet. [demonic
                  | ancestry]
  1563 | D:2      | Reached XP level 4. HP: 32/32 MP: 7/7
  1865 | D:2      | Found a faded altar of an unknown god.
  1902 | D:2      | Reached skill level 5 in Necromancy
  1935 | D:2      | Learned a level 4 spell: Animate Dead
  1960 | D:3      | Found a radiant altar of Vehumet.
  1992 | D:3      | Noticed Ijyb
  1999 | D:3      | Killed Ijyb
  2105 | D:3      | Noticed an orc warrior
  2388 | D:3      | Shot with a bolt by an orc warrior

Illustrated notes

Levels and vault maps discovered:
D:1:      elethiomel_arrival_fortress_basement, layout_rooms
D:2:      minmay_skewed_foursquare, layout_basic,
          dreamdust_ecumenical_altar_drowned_temple, minivault_4, uniq_jessica
D:3:      layout_basic, doesnt_xom_only_xom, nicolae_vehumet_altar_sigil,
          uniq_ijyb

Skill      XL: |  1  2  3  4 |
---------------+-------------+-----
Stealth        | 2 |  2.0
Dodging        | 2 |  2.0
Fighting       | 1 2 |  2.0
Armour         | 1 |  1.4
Necromancy     | 5 |  5.1
Spellcasting   | |  2.9
Evocations     | |  0.1

Action                   |  1- 3 |  4- 6 || total
-------------------------+-------+-------++-------
Melee: Dagger            |    15 |     8 ||    23
       Kick              |     2 |     3 ||     5
 Cast: Necrotise         |    63 |    26 ||    89
       Vampiric Draining |       |     3 ||     3
 Stab: Sleeping          |     1 |       ||     1
Armor: Robe              |     2 |       ||     2
       Leather armour    |     2 |     2 ||     4
Dodge: Dodged            |    12 |     9 ||    21
